 Dungeon Crawl Stone Soup version 0.26.1-11-gd32895ea62 (webtiles) character file.

Game seed: 12612526901438829242

10579 AuftragZ the Destroyer (level 11, -3/74 HPs)
             Began as a White Draconian Conjurer on June 15, 2021.
             Was a Priest of Vehumet.
             Slain by Sverke's ghost (15 damage)
             ... on level 9 of the Dungeon.
             The game lasted 00:50:11 (12515 turns).

AuftragZ the Destroyer (White Draconian Conjurer)  Turns: 12515, Time: 00:50:12

Health: -3/74      AC: 10    Str: 10    XL:     11   Next: 38%
Magic:  33/34      EV: 18    Int: 27    God:    Vehumet [***...]
Gold:   268        SH:  0    Dex: 10    Spells: 11/31 levels left

rFire    . . .     SeeInvis .   s - +12 hand axe of Power {elec, rElec MP+9}
rCold    + . .     Faith    .   (no shield)
rNeg     . . .     Spirit   .   (armour unavailable)
rPois    .         Reflect  .   (helmet restricted)
rElec    +         Harm     .   r - +2 cloak {Will+}
rCorr    .         Rampage  .   (no gloves)
Will     +....                  (no boots)
Stlth    ++........             (no amulet)
HPRegen  0.22/turn              c - +4 ring of evasion
MPRegen  0.24/turn              z - +6 ring of intelligence

@: slowed, very slow
A: breathe frost, unfitting armour, cold resistance 1, cold-blooded, AC +7
a: Breathe Frost, Renounce Religion


You were on level 9 of the Dungeon.
You worshipped Vehumet.
Vehumet was most pleased with you.
You visited 2 branches of the dungeon, and saw 10 of its levels.

You collected 668 gold pieces.
You spent 400 gold pieces at shops.

Inventory:

Hand Weapons
 g - a +4 mace of protection
 s - the +12 hand axe of Power (weapon) {elec, rElec MP+9}
   (You found it on level 5 of the Dungeon)

   Occasionally, upon striking a foe, it can discharge electrical energy and
   cause terrible harm.
   It insulates you from electricity.
   It affects your magic capacity (+9).
Missiles
 h - 33 poisoned darts (quivered)
Armour
 r - a +2 cloak of willpower (worn)
Jewellery
 c - a +4 ring of evasion (left hand)
 u - an uncursed ring of magical power {unknown}
 z - a +6 ring of intelligence (right hand)
 B - an uncursed ring of stealth {unknown}
Wands
 v - a wand of acid (7)
 y - a wand of iceblast (7)
 A - a wand of paralysis (22)
 E - a wand of polymorph (7)
Scrolls
 a - a scroll of magic mapping {unknown}
 d - 4 scrolls of enchant armour
 e - a scroll of teleportation {unknown}
 j - a scroll of fog
 l - 2 scrolls of amnesia {unknown}
 m - a scroll of remove curse {unknown}
 n - a scroll of holy word {unknown}
 o - a scroll of random uselessness {unknown}
 p - 2 scrolls of fear {unknown}
 q - a scroll of immolation {unknown}
 t - a scroll of blinking {unknown}
 F - a scroll of noise {unknown}
Potions
 b - 2 potions of mutation
 f - 2 potions of attraction
 k - 5 potions of curing
 w - a potion of resistance {unknown}
 x - a potion of magic {unknown}
 C - a potion of lignification {unknown}
 D - a potion of flight {unknown}


   Skills:
 + Level 2.2(2.6) Axes
 + Level 2.0(2.5) Maces & Flails
 - Level 0.6 Throwing
 + Level 6.2 Dodging
 - Level 1.7 Stealth
 + Level 10.6 Spellcasting
 + Level 11.1 Conjurations
 + Level 0.3 Hexes
 + Level 5.2 Air Magic


You had 11 spell levels left.
You knew the following spells:

 Your Spells              Type           Power        Failure   Level
a - Magic Dart            Conj           100%         1%          1
b - Searing Ray           Conj           100%         1%          2
c - Dazzling Flash        Conj/Hex       90%          1%          3
d - Shock                 Conj/Air       100%         1%          1
e - Lightning Bolt        Conj/Air       28%          1%          5
f - Airstrike             Air            21%          1%          4
g - Fulminant Prism       Conj/Hex       22%          1%          4

Your spell library contained the following spells:

 Spells                   Type           Power        Failure   Level
 Conjure Flame            Conj/Fire      44%          1%          3
 Swiftness                Air            42%          1%          2
 Static Discharge         Conj/Air       56%          1%          3
 Iskenderun's Mystic Bla  Conj/Tloc      44%          1%          4
 Apportation              Tloc           28%          4%          1
 Tukima's Dance           Hex            16%          11%         3
 Lesser Beckoning         Tloc           7%           12%         3
 Alistair's Intoxication  Tmut/Pois      9%           73%         5
 Invisibility             Hex            16%          99%         6


Dungeon Overview and Level Annotations

Branches:
Dungeon (9/15)             Temple (1/1) D:5            Lair (0/6) D:9
    Orc: D:9-12

Altars:
Ashenzari
Cheibriados
Dithmenos
Elyvilon
Fedhas
Gozag
Hepliaklqana
Kikubaaqudgha
Makhleb
Nemelex Xobeh
Okawaru
Qazlal
Ru
Sif Muna
Trog
Uskayaw
Vehumet
Wu Jian
Xom
Yredelemnul
Zin
The Shining One
Lugonu

Shops:
D:5 ?[((!   D:6 *   D:7 *

Annotations:
D:9 Sverke's ghost, novice FoFi


Innate Abilities, Weirdness & Mutations

You can breathe waves of freezing cold.
You can buffet flying creatures when you breathe cold.
Your icy white scales are hard. (AC +7)
You cannot fit into any form of body armour.
Your flesh is cold resistant. (rC+)
You are cold-blooded and may be slowed by cold attacks.


Message History

The wraith drains your vigour!
You feel yourself slow down. The wraith barely misses you.
The freezing wraith closely misses you. The freezing wraith hits you.
Sverke's ghost closely misses you.
Okay, then.
The wraith barely misses you. Sverke's ghost misses you.
Sverke's ghost hits you. The wraith misses you. The wraith barely misses you.
Sverke's ghost hits you!!
* * * LOW HITPOINT WARNING * * *
You feel much better.
You feel yourself speed up. The wraith barely misses you.
The freezing wraith hits you!
* * * LOW HITPOINT WARNING * * *
The freezing wraith freezes you! You resist.
* * * LOW HITPOINT WARNING * * *
The freezing wraith hits you.
* * * LOW HITPOINT WARNING * * *
The freezing wraith drains your vigour!
You feel yourself slow down. Sverke's ghost hits you!
You die...

.................................
.........................).......
.................................
#..#######.............).........
##.#.#.#.#............###........
###.....#......(...).# #........
#8$...'.....W......###........
#.=...'.....W.................
#8(...'....WW@................
#.....#.....WW................
#.#.#.#.......................
#######.......................
#.......................
##.................>....
##.....................
##....................
##...................


You could see a freezing wraith, 4 wraiths and Sverke's ghost.

Vanquished Creatures
  Gastronok (D:9)
  Erolcha (D:9)
  4 two-headed ogres
  Pikel (D:9)
  Joseph (D:9)
  A centaur skeleton (D:8)
  A troll (D:9)
  Prince Ribbit (D:6)
  Sigmund (D:2)
  Menkaure (D:7)
  A phantom (D:7)
  3 orc warriors
  An ice beast (D:9)
  2 sky beasts (D:7)
  A necrophage (D:7)
  2 black bears (D:7)
  6 ogres
  A centaur (D:9)
  2 lemures (D:9)
  2 big kobolds
  5 bullfrogs
  5 scorpions
  10 killer bees
  A howler monkey (D:4)
  A centaur zombie (D:7)
  A quasit (D:7)
  A bullfrog zombie (D:6)
  6 hounds
  6 orc wizards
  2 jellies (D:3)
  7 orc priests
  2 bullfrog skeletons
  2 iguanas
  8 worker ants
  A hound skeleton (D:7)
  A worker ant zombie (D:7)
  11 gnolls
  11 adders
  A shadow imp (D:7)
  A white imp (D:7)
  An ufetubus (D:6)
  7 oozes (D:3)
  An adder zombie (D:7)
  A dart slug (D:2)
  8 leopard geckos
  32 orcs
  4 giant cockroaches
  5 goblins
  8 hobgoblins
  17 jackals
  5 quokkas
  3 bats
  4 frilled lizards
  A jackal zombie (D:5)
  18 kobolds
  A leopard gecko skeleton (D:4)
  3 rats
236 creatures vanquished.

Vanquished Creatures (others)
  A fulminant prism (D:9)
  11 toadstools (D:3)
12 creatures vanquished.

Grand Total: 248 creatures vanquished

Notes
Turn   | Place    | Note
-------+----------+-------------------------------------------
     0 | D:1      | AuftragZ the Draconian Conjurer began the quest for the
                  | Orb.
     0 | D:1      | Reached XP level 1. HP: 14/14 MP: 3/3
   324 | D:1      | Reached XP level 2. HP: 20/20 MP: 1/5
   424 | D:1      | Learned a level 2 spell: Searing Ray
  1271 | D:2      | Reached XP level 3. HP: 24/26 MP: 3/6
  1609 | D:2      | Reached skill level 5 in Conjurations
  1744 | D:2      | Reached XP level 4. HP: 33/33 MP: 3/8
  1790 | D:2      | Learned a level 3 spell: Dazzling Flash
  1875 | D:2      | Found a blossoming altar of Fedhas.
  2034 | D:2      | Noticed Sigmund
  2053 | D:2      | Killed Sigmund
  2054 | D:2      | Reached skill level 1 in Maces & Flails
  2054 | D:2      | Reached XP level 5. HP: 5/38 MP: 2/10
  2856 | D:3      | Reached XP level 6. HP: 34/45 MP: 2/11
  3086 | D:3      | Found a sparkling altar of Nemelex Xobeh.
  3712 | D:3      | Reached skill level 6 in Conjurations
  4180 | D:4      | Found a broken altar of Ashenzari.
  4318 | D:4      | Your scales start taking on an icy white colour.
  4318 | D:4      | Reached XP level 7. HP: 50/50 MP: 6/13
  4318 | D:4      | Gained mutation: Your flesh is cold resistant. (rC+) [White
                  | Draconian growth]
  4638 | D:4      | Found a basalt altar of Yredelemnul.
  5393 | D:5      | Entered Level 5 of the Dungeon
  5395 | D:5      | Found Myeweru's Magic Scroll Shop.
  5409 | D:5      | Bought a scroll of enchant weapon for 90 gold pieces
  5409 | D:5      | Bought a scroll of enchant weapon for 90 gold pieces
  5512 | D:5      | Found Bedai's Armour Shop.
  5551 | D:5      | Found a stormy altar of Qazlal.
  5620 | D:5      | Found a staircase to the Ecumenical Temple.
  5684 | D:5      | Found Hate's Weapon Boutique.
  5693 | Temple   | Entered the Ecumenical Temple
  5765 | Temple   | Became a worshipper of Vehumet
  5807 | D:5      | Found a sacrificial altar of Ru.
  5821 | D:5      | Reached skill level 5 in Spellcasting
  5823 | D:5      | Reached skill level 7 in Conjurations
  5946 | D:5      | Found Byunneax's Weapon Emporium.
  6077 | D:5      | Found Keguoraw's Distillery.
  6411 | D:5      | Bought a +1 cloak of willpower for 181 gold pieces
  6564 | D:5      | Got a pitted hand axe
  6565 | D:5      | Identified the +12 hand axe of Power {elec, rElec MP+9}
                  | (You found it on level 5 of the Dungeon)
  6692 | D:6      | Noticed Prince Ribbit
  6703 | D:6      | Killed Prince Ribbit
  6704 | D:6      | Reached XP level 8. HP: 37/57 MP: 15/16
  7152 | D:6      | Found Xaezo's General Store.
  7211 | D:6      | Reached * piety under Vehumet
  7211 | D:6      | Offered knowledge of Shock by Vehumet.
  7304 | D:6      | Learned a level 1 spell: Shock
  7575 | D:6      | Found a sacrificial altar of Ru.
  7929 | D:7      | Reached skill level 8 in Conjurations
  8018 | D:7      | Found an opulent altar of Gozag.
  8020 | D:7      | Found a shadowy altar of Dithmenos.
  8139 | D:7      | Reached XP level 9. HP: 57/62 MP: 12/19
  8142 | D:7      | Reached skill level 1 in Air Magic
  8216 | D:7      | Offered knowledge of Foxfire by Vehumet.
  8246 | D:7      | Noticed a two-headed ogre
  8253 | D:7      | Killed a two-headed ogre
  8254 | D:7      | Reached skill level 5 in Dodging
  8254 | D:7      | Reached skill level 9 in Conjurations
  8459 | D:7      | Reached ** piety under Vehumet
  8524 | D:7      | Found Cits's General Store.
  8532 | D:7      | Bought a potion of curing for 39 gold pieces
  8649 | D:7      | Found an iron altar of Okawaru.
  8815 | D:7      | Noticed Menkaure
  8821 | D:7      | Killed Menkaure
  9038 | D:7      | Found a shimmering altar of Xom.
  9542 | D:8      | Reached XP level 10. HP: 69/69 MP: 22/22
  9668 | D:8      | Reached skill level 1 in Axes
  9773 | D:8      | Found a white marble altar of Elyvilon.
  9941 | D:8      | Noticed a two-headed ogre
  9954 | D:8      | Killed a two-headed ogre
  9955 | D:8      | Reached skill level 10 in Conjurations
 10272 | D:8      | Found an ancient bone altar of Kikubaaqudgha.
 10276 | D:8      | Found a snail-covered altar of Cheibriados.
 10352 | D:8      | Noticed a two-headed ogre
 10364 | D:8      | Killed a two-headed ogre
 10364 | D:8      | Offered knowledge of Conjure Flame by Vehumet.
 10602 | D:8      | Noticed a two-headed ogre
 10610 | D:8      | Killed a two-headed ogre
 10622 | D:8      | Learned a level 5 spell: Lightning Bolt
 10627 | D:8      | Learned a level 4 spell: Airstrike
 11054 | D:9      | Noticed Pikel
 11093 | D:9      | Killed Pikel
 11094 | D:9      | Reached skill level 10 in Spellcasting
 11226 | D:9      | Learned a level 4 spell: Fulminant Prism
 11252 | D:9      | Found an ornate altar of the Wu Jian Council.
 11306 | D:9      | Noticed Erolcha
 11310 | D:9      | Killed Erolcha
 11311 | D:9      | Reached XP level 11. HP: 74/74 MP: 25/25
 11329 | D:9      | Noticed Gastronok
 11348 | D:9      | HP: 1/74 [Gastronok/the air (31)]
 11563 | D:9      | Killed Gastronok
 11563 | D:9      | Reached *** piety under Vehumet
 11564 | D:9      | Reached skill level 11 in Conjurations
 11564 | D:9      | Reached skill level 5 in Air Magic
 11577 | D:9      | Noticed Joseph
 11779 | D:9      | Killed Joseph
 12149 | D:9      | Found a staircase to the Lair.
 12289 | D:9      | Found a burning altar of Makhleb.
 12382 | D:9      | Found a runed translucent gate.
 12382 | D:9      | Found a runed translucent gate.
 12382 | D:9      | Found a runed translucent gate.
 12383 | D:9      | Noticed Sverke's ghost (novice FoFi)
 12467 | D:9      | Found a shimmering blue altar of Sif Muna.
 12515 | D:9      | Slain by Sverke's ghost

Illustrated notes

Levels and vault maps discovered:
D:1:      giann_bridges, layout_loops_ring
D:2:      layout_basic, overflow_temple_1_default, uniq_sigmund
D:3:      cheibrodos_fertilizer, layout_loops_ring, overflow_temple_1_default
D:4:      layout_gridville, ashenzari_altar_1, old_standard_altar
D:5:      layout_layer_cave, lemuel_crystal_altar,
          minmay_temple_entry_stoned_glass, serial_shops, nicolae_shop_stone,
          shop, nicolae_shop_statue_plus, shop, shop, grunt_qazlal_sundering
D:6:      layout_basic, serial_shops, shop, small_statue_alley_b,
          nicolae_ru_path_of_blood, uniq_prince_ribbit1
D:7:      layout_loops_ring, okawaru_ov_weapons_minmay,
          chequers_temple_overflow_statue_of_worship, serial_shops, shop,
          grunt_decor_clamped, minmay_ruined_shrine, uniq_menkaure
D:8:      layout_loops_ring, lemuel_round_altar, grunt_temple_overflow_open,
          hangedman_decor_points
D:9:      layout_big_octagon, overflow_temple_1_default, lemuel_blue_sif_altar,
          lemuel_crystal_altar, lair_entry_dummy, gammafunk_ghost_spectres,
          uniq_gastronok, uniq_joseph, uniq_pikel, uniq_erolcha
Temple:   corrupted_temple

Skill      XL: |  1  2  3  4  5  6  7  8  9 10 11 |
---------------+----------------------------------+-----
Dodging        | 2 3 4 5 6 |  6.2
Conjurations   | 5 6 7 8 9 10 11 | 11.1
Maces & Flails | 1 2 |  2.0
Spellcasting   | 3 4 5 7 8 10 | 10.6
Air Magic      | 2 4 5 |  5.2
Axes           | 1 2 |  2.2
Throwing       | |  0.6
Stealth        | |  1.7
Hexes          | |  0.3

Action                   |  1- 3 |  4- 6 |  7- 9 | 10-12 || total
-------------------------+-------+-------+-------+-------++-------
Melee: Unarmed           |     8 |       |       |       ||     8
       Tailslap          |     4 |     2 |       |     2 ||     8
       Short sword       |     4 |       |       |       ||     4
       Mace              |    13 |    17 |     9 |       ||    39
       Hand axe          |       |       |     8 |    19 ||    27
Throw: Dart              |       |     6 |     2 |     3 ||    11
 Cast: Magic Dart        |    44 |    39 |    60 |       ||   143
       Searing Ray       |     9 |    25 |    65 |    36 ||   135
       Shock             |       |       |    61 |    42 ||   103
       Lightning Bolt    |       |       |       |    17 ||    17
       Fulminant Prism   |       |       |       |     1 ||     1
       Airstrike         |       |       |       |     1 ||     1
  Use: Scroll            |     2 |       |    12 |     2 ||    16
       Potion            |       |       |     1 |     3 ||     4
Armor: Skin              |     6 |    12 |    18 |    23 ||    59
Dodge: Dodged            |    27 |    32 |    54 |   168 ||   281
